 Dungeon Crawl Stone Soup version 0.28-a0-998-gb9e9c7b67e (console) character file.

Game seed: 5257107453775422116

7278 petzl the Sneak (level 11, -7/72 HPs)
             Began as an Octopode Arcane Marksman on Dec 5, 2021.
             Was a Follower of Vehumet.
             Mangled by a slime creature (16 damage)
             ... on level 12 of the Dungeon on Dec 6, 2021.
             The game lasted 01:28:17 (16355 turns).

petzl the Sneak (Octopode Arcane Marksman)         Turns: 16355, Time: 01:28:17

Health: -7/72      AC:  1    Str:  9 (10) XL:     11   Next: 12%
Magic:  0/21       EV: 13    Int: 17 (20) God:    Vehumet [*.....]
Gold:   372        SH:  0    Dex: 10 (12) Spells: 18/23 levels left

rFire   . . .      SeeInvis .   a - +1 short sword (speed)
rCold   . . .      Faith    .   (no shield)
rNeg    . . .      Spirit   +   (helmet restricted)
rPois   .          Reflect  .   v - amulet of the Distant Future {Spirit rElec Regen+}
rElec   +          Harm     .   (no ring)
rCorr   .          Rampage  .   (no ring)
Will    .....                   (no ring)
Stlth   ++++......              (no ring)
HPRegen 1.02/turn               (no ring)
MPRegen 0.17/turn               (no ring)
                                (no ring)
                                (no ring)

@: no status effects
A: almost no armour, amphibious, 8 rings, camouflage 1, gelatinous body 1,
(nimble swimmer 1), tentacles
a: Renounce Religion


You were on level 12 of the Dungeon.
You worshipped Vehumet.
Vehumet was aware of your devotion.
You visited 2 branches of the dungeon, and saw 13 of its levels.

You collected 489 gold pieces.
You spent 117 gold pieces at shops.

Inventory:

Hand Weapons
 a - a +1 short sword of speed (weapon)
 b - a +1 hand crossbow
 C - a +2 trident of freezing
 F - a +1 flail of holy wrath
 G - a +1 mace of protection
Missiles
 c - 42 bolts
 e - a throwing net
 g - 27 poisoned darts
 w - 4 javelins
Armour
 n - a +0 kite shield
Jewellery
 v - the amulet of the Distant Future (around mantle) {Spirit rElec Regen+}
   (You found it on level 6 of the Dungeon)

   [amulet of guardian spirit]

   It causes incoming damage to be divided between your reserves of health and
   magic.
   rElec:     It insulates you from electricity.
   Regen:     It increases your rate of health regeneration.
Wands
 q - a wand of mindburst (9)
 u - a wand of polymorph (17)
 B - a wand of charming (10)
 D - a wand of acid (5)
 E - a wand of flame (18) (quivered)
Scrolls
 f - 2 scrolls of vulnerability
 i - a scroll of acquirement {unknown}
 m - a scroll of noise {unknown}
 o - 2 scrolls of enchant armour
 r - 2 scrolls of blinking
 x - 3 scrolls of holy word {unknown}
 y - 2 scrolls of teleportation
 z - a scroll of fear
Potions
 d - a potion of ambrosia {unknown}
 h - a potion of curing
 j - a potion of haste
 k - a potion of mutation {unknown}
 l - a potion of cancellation
 p - a potion of flight {unknown}
 s - a potion of degeneration
 A - a potion of might {unknown}


   Skills:
 + Level 6.2 Fighting
 - Level 4.0 Crossbows
 - Level 2.0 Throwing
 - Level 4.0 Dodging
 * Level 7.1 Stealth
 + Level 1.9 Shields
 * Level 6.8 Spellcasting
 + Level 7.0 Conjurations
 - Level 3.0 Hexes
 + Level 3.8 Fire Magic
 - Level 6.6 Earth Magic
 + Level 3.9 Evocations


You had 18 spell levels left.
You knew the following spells:

 Your Spells              Type           Power      Damage    Failure   Level
a - Slow                  Hex            64%        N/A       3%          1
b - Stone Arrow           Conj/Erth      58%        3d10      2%          3
c - Foxfire               Conj/Fire      96%        2x1d8     1%          1

Your spell library contained the following spells:

 Spells                   Type           Power      Damage    Failure   Level
 Sandblast                Erth           56%        2d13      1%          1
 Passwall                 Tmut/Erth      14%        N/A       4%          2
 Inner Flame              Hex/Fire       17%        N/A       9%          3
 Portal Projectile        Hex/Tloc       20%        N/A       19%         3
 Gell's Gravitas          Tloc           5%         N/A       34%         3
 Teleport Other           Tloc           5%         N/A       34%         3
 Cause Fear               Hex            8%         N/A       34%         4
 Dispersal                Tloc           2%         N/A       100%        6


Dungeon Overview and Level Annotations

Branches:
Dungeon (12/15)            Temple (1/1) D:5            Lair (0/6) D:9
    Orc (0/2) D:12

Altars:
Ashenzari
Dithmenos
Elyvilon
Fedhas
Gozag
Hepliaklqana
Kikubaaqudgha
Qazlal
Ru
Sif Muna
Trog
Uskayaw
Vehumet
Wu Jian
Xom
Yredelemnul
Zin
The Shining One

Shops:
D:4 =   D:5 [*[?

Portals:
Bazaar: D:12

Annotations:
D:6 exclusions: adder, 3 killer bees, water moccasin and 2 more exclusions
D:7 exclusions: orc, orc priest and 1 more exclusion, Dowan, Maggie
D:10 exclusion: gargoyle
D:11 exclusion: boulder beetle


Innate Abilities, Weirdness & Mutations

You cannot wear most types of armour.
You are amphibious.
You can wear up to eight rings at the same time.
Your skin changes colour to match your surroundings (Stealth+).
Your rubbery body absorbs attacks. (AC +1, EV +1)
((You are camouflaged near water. (Stealth+)))
You have tentacles for arms and can constrict up to eight enemies at once.


Message History

The stone arrow hits the slime creature!!
You kill the slime creature!
Vehumet accepts your kill.
c - 41 bolts (gained 1)
c - 42 bolts (gained 1)
There is a stone staircase leading down here.
Your tentacles tingle!
a - a +1 short sword of speed (weapon)
You climb downwards.
You hear coins being counted.
An interdimensional caravan has stopped on this level and set up a bazaar.
Hurry and find its entrance before they move on!
You hear the stately tolling of a bell.
You are engulfed in freezing vapours.
The slime creature is engulfed in freezing vapours.
A komodo dragon comes into view.
An orc priest comes into view. It is wielding a +0 dagger.
The orc warrior is engulfed in freezing vapours.
The orc warrior completely misses you. The slime creature hits you!
There is a stone staircase leading up, spattered with blood here.
Really wriggle into a travel-excluded area?
You are engulfed in freezing vapours.
The orc priest is engulfed in freezing vapours.
The slime creature is engulfed in freezing vapours.
The orc warrior is engulfed in freezing vapours.
The slime creature is engulfed in freezing vapours. x2
You are engulfed in freezing vapours.
* * * LOW HITPOINT WARNING * * *
The orc priest shouts!
The komodo dragon hisses angrily.
The slime creature quivers.
The orc priest is engulfed in freezing vapours.
The orc priest dies!
The slime creature is engulfed in freezing vapours.
The slime creature closely misses you.
The slime creature is engulfed in freezing vapours. x2
The orc warrior is engulfed in freezing vapours.
There is a flickering gateway to a bazaar here.
Unknown command.
The slime creature is engulfed in freezing vapours.
The slime creature hits you!
You die...

####********
********##..,,,,,,,,*
*,,,,,,<,○)☼,,,,,,,,* ***
*,******##J##******,* ,,* *,*
##°○J## *,* *,* *,* #≈°@o≈#
*,* ,,******* *,* *#)○○J°#*
*,* ,,,,,,,,* **,****#°☼#≈#.°#
*,*
,,*****,******,,,,.....###o°#
*,*
,,,,,,,,,,,,,,,,,*####,,,...#*
*,* ,,,,,,,,,,,,,,,,,*
***,##l.* *,*
,,,,,,*,*******,,*
*,**#.#***,*
*****,,,,,,,,,,,,*
*,***.#*>,,* *
*,,,,*,*******,* *,,,,.D,,,,**
* *,***,** **,,,,*
***,,,,,,,,,* * *,* ***
*,,,,,* *,*,**,**,* *,*
*,,,,,* *,*,**,**,* *,*
*,,,,<* *,*,**,**,* *,*
*******,,,**********,*,**,**,*
*,*
*,,,,,,,,,,,,,,,,,,,,,,**,,,,*
*,*
*,******,*********,*,*******,*
*,* *,* *,* *,*,* *,* *,* *,*
*,** *,*,* *,* ***,***,* *,,**
*,*,*******,*


You could see 3 slime creatures, a komodo dragon, an orc warrior and an orc
wizard.

Vanquished Creatures
  A two-headed ogre (D:8)
  2 kobold demonologists (D:10)
  2 trolls (D:10)
  A slime creature (D:11)
  3 wyverns
  16 yaks
  A shadow (D:9)
  3 water moccasins (D:9)
  2 orc warriors
  A black bear (D:7)
  A necrophage (D:7)
  A centaur (D:5)
  3 kobold brigands
  A gnoll sergeant (D:9)
  2 wyvern zombies (D:5)
  2 scorpions
  4 killer bees
  A bullfrog zombie (D:6)
  2 centaur zombies
  A jelly (D:6)
  2 hounds
  3 orc priests
  A bullfrog skeleton (D:5)
  A centaur skeleton (D:7)
  5 iguanas
  7 orc wizards
  Robin (D:3)
  2 howler monkey zombies
  14 gnolls
  10 adders
  3 white imps
  2 ufetubi
  3 dart slugs
  16 orcs
  10 ball pythons
  9 endoplasms
  4 giant cockroaches
  17 goblins
  5 hobgoblins
  9 jackals
  16 kobolds
  A quokka (D:1)
  5 bats
  2 frilled lizards
  7 rats
205 creatures vanquished.

Vanquished Creatures (collateral kills)
  An orc warrior (D:7)
  An orc wizard (D:7)
  An orc (D:7)
  A hobgoblin (D:7)
  A spectral hobgoblin (D:7)
5 creatures vanquished.

Vanquished Creatures (others)
  2 slime creatures (D:11)
  An orc priest (D:12)
  An orc (D:12)
  5 fungi (D:9)
  22 plants (D:9)
31 creatures vanquished.

Grand Total: 241 creatures vanquished

Notes
Turn   | Place    | Note
-------+----------+-------------------------------------------
     0 | D:1      | petzl the Octopode Arcane Marksman began the quest for the
                  | Orb.
     0 | D:1      | Reached XP level 1. HP: 13/13 MP: 2/2
   188 | D:1      | Reached XP level 2. HP: 18/18 MP: 3/3
   230 | D:1      | Reached skill level 1 in Stealth
   915 | D:1      | Reached XP level 3. HP: 23/23 MP: 5/5
  1708 | D:2      | Reached XP level 4. HP: 29/29 MP: 3/6
  2257 | D:1      | Reached XP level 5. HP: 16/34 MP: 6/8
  2646 | D:3      | You fall into a shaft and drop 1 floor!
  2651 | D:5      | Entered Level 5 of the Dungeon
  2657 | D:5      | Found Ucherph's Armour Boutique.
  2673 | D:5      | Found a staircase to the Ecumenical Temple.
  3091 | D:3      | Noticed Robin
  3734 | D:2      | Reached XP level 6. HP: 25/41 MP: 6/9
  4825 | D:3      | Killed Robin
  5529 | D:4      | Found an opulent altar of Gozag.
  5533 | D:4      | Found a broken altar of Ashenzari.
  5536 | D:4      | Found a glowing golden altar of the Shining One.
  5882 | D:4      | Found Asmimer's Jewellery Shop.
  6154 | D:5      | Found Ususk's Magic Scroll Shop.
  6160 | D:5      | Bought 2 scrolls of identify for 40 gold pieces
  6160 | D:5      | Bought a scroll of identify for 20 gold pieces
  6723 | D:5      | HP: 2/42 [wyvern zombie (10)]
  7196 | D:5      | Reached XP level 7. HP: 42/46 MP: 9/11
  7564 | D:5      | Found a shimmering altar of Xom.
  7890 | D:5      | Found Hokududd's Assorted Antiques.
  7901 | D:5      | Bought a purple potion for 18 gold pieces
  7901 | D:5      | Bought a metallic green potion for 18 gold pieces
  7901 | D:5      | Bought a scroll labelled FAGION MYULU for 21 gold pieces
  7923 | D:5      | Found Hekifu's Antique Armour Emporium.
  8642 | D:6      | Reached skill level 5 in Stealth
  8693 | D:6      | Identified the amulet of the Distant Future {Spirit rElec
                  | Regen+}
  8869 | D:7      | Noticed Maggie
  8896 | D:7      | Found a hazy altar of Hepliaklqana.
  8930 | D:7      | Reached XP level 8. HP: 27/54 MP: 3/14
  9037 | D:7      | Found a blossoming altar of Fedhas.
  9061 | D:8      | Noticed a two-headed ogre
  9078 | D:9      | Noticed a yak
  9078 | D:9      | Noticed a yak
  9078 | D:9      | Noticed a yak
  9078 | D:9      | Noticed a wyvern
  9078 | D:9      | Noticed a shadow
  9222 | Temple   | Entered the Ecumenical Temple
  9398 | Temple   | Became a worshipper of Vehumet
 10154 | D:7      | Noticed Dowan
 10374 | D:7      | Reached skill level 5 in Spellcasting
 10487 | D:7      | Learned a level 3 spell: Stone Arrow
 10523 | D:7      | Reached skill level 1 in Conjurations
 10523 | D:7      | Reached skill level 1 in Earth Magic
 11100 | D:8      | Noticed a yak
 11164 | D:9      | Reached XP level 9. HP: 49/59 MP: 3/16
 11384 | D:10     | Entered Level 10 of the Dungeon
 11400 | D:10     | Noticed a kobold demonologist
 12094 | D:8      | Reached * piety under Vehumet
 12094 | D:8      | Offered knowledge of Foxfire by Vehumet.
 12097 | D:8      | Learned a level 1 spell: Foxfire
 12225 | D:8      | Reached skill level 1 in Throwing
 12353 | D:8      | Reached skill level 5 in Conjurations
 12353 | D:8      | Reached skill level 1 in Fire Magic
 12353 | D:8      | Reached skill level 5 in Earth Magic
 12353 | D:8      | Reached skill level 1 in Evocations
 12837 | D:8      | Reached skill level 5 in Fighting
 12945 | D:8      | Reached XP level 10. HP: 66/66 MP: 8/18
 13294 | D:8      | Killed a two-headed ogre
 13817 | D:9      | Found a staircase to the Lair.
 14732 | D:10     | Found a glowing silver altar of Zin.
 14855 | D:10     | Noticed a gargoyle
 15224 | D:10     | Noticed a kobold demonologist
 15230 | D:10     | Killed a kobold demonologist
 15316 | D:10     | Reached skill level 1 in Shields
 15673 | D:10     | Killed a kobold demonologist
 15674 | D:10     | Reached XP level 11. HP: 72/72 MP: 13/20
 15729 | D:11     | Noticed a boulder beetle
 16248 | D:12     | Found a flickering gateway to a bazaar.
 16253 | D:12     | Noticed a four-headed hydra
 16355 | D:12     | Mangled by a slime creature

Illustrated notes

Levels and vault maps discovered:
D:1:      nagdon_arrival_zigzag_paths, layout_loops_corners,
          grunt_decor_mini_mirrors, minivault_14
D:2:      layout_basic, minmay_snake_closets
D:3:      layout_loops_ring, hangedman_decor_lopped, uniq_robin
D:4:      layout_loops_ring, grunt_temple_overflow_diamond, serial_shops,
          nicolae_shop_statue_plus
D:5:      layout_basic, mainiacjoe_overflow_boulevard, minmay_temple_entry_tees,
          serial_shops, nicolae_shop_overgrown_old_shop,
          nicolae_shop_behind_doors, nicolae_shop_crystal, nicolae_diamond_shop,
          minmay_misc_feat_four_crosses
D:6:      layout_rooms, chequers_serial_rivers_room_b
D:7:      layout_loops_ring, mainiacjoe_overflow_tiny_flanked,
          nicolae_hepliaklqana_monster_ancestors, uniq_duvessa, uniq_maggie
D:8:      layout_basic
D:9:      layout_rooms, minmay_lair_entry_grove, minmay_chambers_of_fives
D:10:     layout_stronghold, nicolae_overflow_crystal_walls,
          hangedman_abyss_or_decor_stabs, grunt_decor_cap
D:11:     layout_basic, serial_shops, shop
D:12:     layout_loops_ring, zombieorc1_lemuel, serial_shops, freezing_bzr
Temple:   regret_index_temple_generic_petals

Skill      XL: |  1  2  3  4  5  6  7  8  9 10 11 |
---------------+----------------------------------+-----
Stealth        | 1 2 3 4 5 6 7 |  7.1
Fighting       | 2 3 4 5 6 |  6.2
Spellcasting   | 2 4 5 6 |  6.8
Crossbows      | 3 4 |  4.0
Dodging        | 3 4 |  4.0
Conjurations   | 3 5 6 7 |  7.0
Earth Magic    | 3 5 6 |  6.6
Throwing       | 2 |  2.0
Fire Magic     | 1 3 |  3.8
Evocations     | 1 3 |  3.9
Shields        | 1 |  1.9
Hexes          | |  3.0

Action                   |  1- 3 |  4- 6 |  7- 9 | 10-12 || total
-------------------------+-------+-------+-------+-------++-------
Melee: Short sword       |    17 |    16 |    48 |     8 ||    89
       Constrict         |     4 |    40 |    28 |     1 ||    73
       Tentacles         |     2 |    40 |    64 |     1 ||   107
       Dagger            |       |   194 |   196 |       ||   390
 Fire: Hand crossbow     |    54 |    52 |   123 |    69 ||   298
Throw: Throwing net      |       |     1 |     1 |     1 ||     3
       Dart              |       |       |    24 |     6 ||    30
 Cast: Slow              |     6 |    52 |   106 |    46 ||   210
       Stone Arrow       |       |       |    37 |    82 ||   119
Evoke: Wand              |       |       |     5 |     5 ||    10
  Use: Scroll            |       |     7 |     5 |     4 ||    16
       Potion            |       |       |     2 |     3 ||     5
 Stab: Sleeping          |     1 |    11 |     1 |       ||    13
Armor: Skin              |     3 |    16 |     8 |       ||    27
Dodge: Dodged            |    24 |   117 |   160 |    24 ||   325

Table legend: (Time is in decaauts)
 A = Elapsed time spent in this place.
 B = Non-inter-level travel time spent in this place.
 C = Inter-level travel time spent in this place.
 D = Time resting spent in this place.
 E = Time spent auto-exploring this place.
 F = Levels seen in this place.
 G = Mean time per level.
                   A        B        C        D        E       F      G
               +--------+--------+--------+--------+--------+-----+--------+
         Total |  16302 |  15216 |   1086 |   4772 |   4748 |  13 | 1254.0 |
       Dungeon |  16103 |  15037 |   1066 |   4772 |   4582 |  12 | 1341.9 |
        Temple |    198 |    178 |     20 |      0 |    166 |   1 |  198.0 |
               +--------+--------+--------+--------+--------+-----+--------+

Top non-repeatable levels by time:
     D:8: 2650 daAuts
     D:2: 2463 daAuts
     D:4: 1748 daAuts
     D:5: 1599 daAuts
     D:1: 1387 daAuts
     D:6: 1357 daAuts
    D:10: 1324 daAuts
     D:3: 1103 daAuts
     D:7: 1068 daAuts
     D:9: 1037 daAuts
    D:11: 353 daAuts
  Temple: 198 daAuts
    D:12: 9 daAuts
